 Dungeon Crawl Stone Soup version 0.30.1-1-g62c8e00024 (webtiles) character file.

Game seed: 8232458151759529109

423 Heoruswealwe the Magician (level 6, -4/32 HPs)
             Began as a Deep Elf Conjurer on July 17, 2023.
             Killed by divine providence
             ... invoked by an orc priest
              (16 damage)
             ... on level 5 of the Dungeon.
             The game lasted 00:36:25 (3412 turns).

Heoruswealwe the Magician (Deep Elf Conjurer)       Turns: 3412, Time: 00:36:26

Health: -4/32      AC:  3    Str:  4    XL:     6   Next: 63%
Magic:  13/18      EV: 17    Int: 25    God:
Gold:   321        SH:  0    Dex: 13    Spells: 2/19 levels left

rFire   . . .        b - +7 Throatcutter {drain, coup de grace}
rCold   . . .        (no shield)
rNeg    . . .        c - +0 robe
rPois   .            (no helmet)
rElec   .            (no cloak)
rCorr   .            (no gloves)
SInv    .            e - +0 pair of boots
Will    .....        (no amulet)
Stlth   ++           k - +5 ring of evasion
HPRegen 0.25/turn    (no ring)
MPRegen 0.16/turn

%: no passive effects
@: no status effects
A: no striking features
a: no special abilities


You were on level 5 of the Dungeon.
You visited 1 branch of the dungeon, and saw 5 of its levels.

You collected 321 gold pieces.

Inventory:

Hand Weapons
 b - the +7 Throatcutter (weapon) {drain, coup de grace}
   (You found it on level 5 of the Dungeon)
Armour
 c - a +0 robe (worn)
 e - a +0 pair of boots (worn)
Jewellery
 k - a +5 ring of evasion (left hand)
Wands
 a - a wand of polymorph (10)
 o - a wand of flame (26)
 u - a wand of quicksilver (5)
 x - a wand of digging (4)
Scrolls
 d - a scroll of amnesia
 g - a scroll of fear
 j - a scroll of butterflies
 l - 3 scrolls of teleportation
 m - 2 scrolls of brand weapon
 v - a scroll of fog {unknown}
Potions
 f - a potion of resistance
 h - 2 potions of haste
 i - a potion of curing {unknown}
 n - 2 potions of brilliance {unknown}
 p - a potion of mutation
 q - a potion of flight {unknown}
 r - 2 potions of lignification {unknown}
 s - 3 potions of heal wounds {unknown}
 t - a potion of invisibility {unknown}
 w - a potion of magic


   Skills:
 - Level 2.4 Dodging
 - Level 2.4 Stealth
 + Level 7.1 Spellcasting
 + Level 6.9 Conjurations


You had 2 spell levels left.
You knew the following spells:

 Your Spells              Type           Power      Damage    Failure   Level
a - Magic Dart            Conj           100%       1d8       1%          1
b - Searing Ray           Conj           86%        2d7       1%          2
c - Dazzling Flash        Conj/Hex       52%        N/A       4%          3
d - Mephitic Cloud        Conj/Pois/Air  20%        N/A       8%          3
e - Iskenderun's Mystic   Conj/Tloc      26%        2d7       16%         4
f - Fulminant Prism       Conj/Hex       13%        3d9       16%         4

Your spell library contained the following spells:

 Spells                   Type           Power      Damage    Failure   Level
 Cigotuvi's Dreadful Rot  Necr/Pois/Air  16%        N/A       10%         2
 Lesser Beckoning         Tloc           16%        N/A       10%         2
 Poisonous Vapours        Pois/Air       16%        N/A       10%         2
 Sublimation of Blood     Necr           8%         N/A       10%         2
 Gell's Gravitas          Tloc           8%         N/A       21%         3
 Ignite Poison            Fire/Tmut/Pois 8%         N/A       21%         3
 Teleport Other           Tloc           8%         N/A       21%         3
 Irradiate                Conj/Tmut      13%        3d16      41%         5
 Petrify                  Tmut/Erth      8%         N/A       54%         4
 Freezing Cloud           Conj/Ice/Air   10%        6-21      56%         5


Dungeon Overview and Level Annotations

Branches:
Dungeon (5/15)
 Temple: D:4-7

Altars:
Dithmenos


Message History

w - a potion of magic
Found a yellow potion.
r - 2 yellow potions (gained 1)
Found a quarterstaff.
Found a copper wand.
You see here a +0 quarterstaff.
x - a wand of digging (4)
There is a shaft here.
Things that are here:
a +0 sling; 7 stones Search for what [Enter for "."]? .
An orc comes into view. It is wielding a +0 club.
An orc priest comes into view. It is wielding a +0 short sword.
The magic dart hits the orc.
The orc is severely wounded.
The orc shouts!
The orc priest shouts!
The magic dart hits the orc.
The orc is almost dead.
The orc priest mumbles some strange prayers to Beogh against you.
Beogh smites you!
An orc comes into view. It is wielding a +0 club.
The magic dart hits the orc.
You kill the orc!
The orc shouts!
You hear a zap.
You hear a grinding noise.
The magic dart hits the orc priest.
The orc priest is heavily wounded.
The orc priest mumbles some strange prayers to Beogh against you.
Pain shoots through your body!
You are too injured to fight recklessly!
Casting: Magic Dart (safe; 1% risk of failure)
Confirm with . or Enter, or press ? or * to list all spells.
Aiming: Magic Dart (safe; 1% risk of failure)
Press: ? - help, Shift-Dir - straight line, f/p - orc priest
Aim: an orc priest, wielding a +0 short sword (heavily wounded, 100% to hit)
The magic dart hits the orc priest.
The orc priest is almost dead.
The orc priest calls down the wrath of Beogh upon you.
Beogh smites you!
Ouch! That really hurt!
You die...

... ... .o. #o# #)# #.# #.#
#@# #.# ######### #.#
#.......# #.# ###.#####.## #.#
### ...........#
#.##########.##
.##.#.##...#####.............#
.##.#.##...#.........######.##
.##....#...#.#.....#.# #.#


You could see an orc priest and an orc.

Vanquished Creatures
  Sigmund (D:3)
  A phantom (D:4)
  A jelly (D:4)
  An iguana (D:4)
  6 adders
  3 worms
  A dart slug (D:2)
  2 orcs
  8 ball pythons
  6 bats
  8 endoplasms
  A giant cockroach (D:1)
  6 goblins
  6 hobgoblins
  5 quokkas
  A frilled lizard (D:2)
  5 kobolds
  6 rats
68 creatures vanquished.

Notes
Turn   | Place    | Note
-------+----------+-------------------------------------------
     0 | D:1      | Heoruswealwe the Deep Elf Conjurer began the quest for the
                  | Orb.
     0 | D:1      | Reached XP level 1. HP: 10/10 MP: 6/6
   398 | D:1      | Reached XP level 2. HP: 15/15 MP: 5/8
   401 | D:1      | Learned a level 2 spell: Searing Ray
   780 | D:2      | Reached skill level 4 in Spellcasting
   783 | D:2      | Reached skill level 5 in Conjurations
   783 | D:2      | Reached XP level 3. HP: 15/19 MP: 1/10
   787 | D:2      | Learned a level 3 spell: Dazzling Flash
   791 | D:2      | Learned a level 3 spell: Mephitic Cloud
  1442 | D:3      | Noticed Sigmund
  1447 | D:3      | Killed Sigmund
  1448 | D:3      | Reached skill level 6 in Spellcasting
  1448 | D:3      | Reached XP level 4. HP: 24/24 MP: 5/14
  1448 | D:3      | Reached XP level 5. HP: 28/28 MP: 5/15
  1453 | D:3      | Learned a level 4 spell: Iskenderun's Mystic Blast
  2502 | D:4      | Reached XP level 6. HP: 32/32 MP: 10/17
  2507 | D:4      | Learned a level 4 spell: Fulminant Prism
  2669 | D:4      | Found a shadowy altar of Dithmenos.
  2951 | D:4      | Reached skill level 7 in Spellcasting
  3179 | D:5      | Entered Level 5 of the Dungeon
  3296 | D:5      | Found the +7 Throatcutter {drain, coup de grace}
  3412 | D:5      | Killed from afar by an orc priest

Illustrated notes

Levels and vault maps discovered:
D:1:      dpeg_arrival_rooms_with_view, layout_loops_ring, minmay_nonomino_d4
D:2:      layout_loops_ring
D:3:      layout_basic, uniq_sigmund
D:4:      layout_basic, lemuel_round_altar, serial_rivers,
          chequers_serial_rivers_micro_a, chequers_serial_rivers_small_b,
          chequers_serial_rivers_small_b, chequers_serial_rivers_marsh,
          saegor_snake_ambush
D:5:      layout_loops_corners, lemuel_coloured_pillars_altar

Skill      XL: |  1  2  3  4  5  6 |
---------------+-------------------+-----
Spellcasting   | 4 6 7 |  7.1
Conjurations   | 5 6 |  6.9
Dodging        | |  2.4
Stealth        | |  2.4

Action                     |  1- 3 |  4- 6 || total
---------------------------+-------+-------++-------
  Melee: Unarmed           |       |     6 ||     6
   Cast: Magic Dart        |    76 |    58 ||   134
         Searing Ray       |     1 |     3 ||     4
    Use: Scroll            |     6 |     2 ||     8
 Armour: Robe              |     2 |     1 ||     3
  Dodge: Dodged            |     7 |    14 ||    21
